 Dungeon Crawl Stone Soup version 0.19.1-1-g22dce08 (webtiles) character file.

11 Fartwhistle the Magician (level 2, -3/19 HPs)
             Began as a Mummy Wizard on Jan 17, 2017.
             Killed from afar by a dart slug (7 damage)
             ... with a slug dart
             ... on level 1 of the Dungeon.
             The game lasted 00:01:59 (555 turns).

Fartwhistle the Magician (Mummy Wizard)              Turns: 555, Time: 00:01:59

Health: -3/19      AC:  2    Str: 10    XL:     2   Next: 13%
Magic:  2/6        EV: 12    Int: 17    God:
Gold:   19         SH:  0    Dex: 10    Spells: 3 memorised, 2 levels left

rFire  x . .     SeeInvis .     d - +0 dagger
rCold  + . .     Gourm    .     a - +0 robe
rNeg   + + +     Faith    .     (no shield)
rPois  ∞         Spirit   .     b - +0 hat
rElec  .         Reflect  .     (no cloak)
rCorr  .         Harm     .     (no gloves)
MR     .....                    (no boots)
Stlth  ++........               (no amulet)
                                (no ring)
                                (no ring)

@: no status effects
A: no food or potions, fire vulnerability, cold resistance 1, negative energy
resistance 3, torment resistance, unbreathing
a: no special abilities


You were on level 1 of the Dungeon.
You were not hungry.

You visited 1 branch of the dungeon, and saw 1 of its levels.

You collected 19 gold pieces.

Inventory:

Hand Weapons
 d - a +0 dagger (weapon)
   (You found it on level 1 of the Dungeon)
Armour
 a - a +0 robe (worn)
 b - a +0 hat (worn)
 f - a +0 pair of gloves
   (You found it on level 1 of the Dungeon)
Jewellery
 e - a +2 amulet of reflection {unknown}
   (You found it on level 1 of the Dungeon)
Books
 c - a book of Minor Magic


   Skills:
 - Level 1.6 Dodging
 - Level 1.5 Stealth
 + Level 3.2 Spellcasting
 + Level 1.3 Conjurations
 - Level 0.7 Summonings
 - Level 0.7 Translocations


You had 2 spell levels left.
You knew the following spells:

 Your Spells              Type           Power        Failure   Level  Hunger
a - Magic Dart            Conj           #...         12%         1    N/A
b - Blink                 Tloc           N/A          21%         2    N/A
c - Call Imp              Summ           #.......     21%         2    N/A

Dungeon Overview and Level Annotations

Branches:
Dungeon (1/15)

Altars:


Innate Abilities, Weirdness & Mutations

You do not eat or drink.
Your flesh is vulnerable to fire.
You are immune to poison.
Your flesh is cold resistant. (rC+)
You are immune to negative energy. (rN+++)
You are immune to unholy pain and torment.
You can survive without breathing.


Message History

You now have 2/6 mp.
Aim: a hobgoblin, wielding a club (moderately wounded)
You miscast Magic Dart.
Sparks fly from your hands!
The kobold shouts!
You now have 1/6 mp.
Aim: a hobgoblin, wielding a club (moderately wounded)
The magic dart hits the hobgoblin.
The hobgoblin barely misses you.
You hit the hobgoblin but do no damage.
The hobgoblin hits you but does no damage.
You closely miss the hobgoblin. The hobgoblin hits you with a club.
A hobgoblin comes into view.
You take 1 damage, and have 18/19 hp.
You barely miss the hobgoblin.
The hobgoblin shouts!
You hit the hobgoblin but do no damage. The hobgoblin closely misses you.
You hit the hobgoblin.
You kill the hobgoblin!
The kobold hits you with a short sword.
You take 4 damage, and have 14/19 hp.
MASSIVE DAMAGE!!
You hit the kobold. The kobold hits you with a short sword.
* * * LOW HITPOINT WARNING * * *
A frilled lizard comes into view.
You take 1 damage, and have 13/19 hp.
Unknown command.
You closely miss the kobold. The kobold misses you.
You barely miss the kobold.
The frilled lizard hisses angrily.
The kobold hits you but does no damage.
You hit the kobold. The kobold misses you.
You barely miss the kobold. The kobold hits you but does no damage.
You closely miss the kobold. The kobold hits you with a short sword.
* * * LOW HITPOINT WARNING * * *
You take 3 damage, and have 10/19 hp.
You are too injured to fight recklessly!
You are too injured to fight recklessly!
You are too injured to fight recklessly!
You are too injured to fight recklessly!
Aim: a kobold, wielding a short sword (moderately wounded)
The magic dart hits the kobold.
The kobold hits you but does no damage.
You now have 1/6 mp.
Aim: a kobold, wielding a short sword (severely wounded)
The magic dart hits the kobold.
You kill the kobold!
You now have 0/6 mp.
You don't have enough magic to cast that spell.
You see here a pair of gloves.
f - a pair of gloves The hobgoblin hits you.
* * * LOW HITPOINT WARNING * * *
You take 5 damage, and have 6/19 hp.
MASSIVE DAMAGE!!
Your magical contamination has completely faded away.
You see here a chunk of flesh.
You hit the dart slug but do no damage. The hobgoblin hits you.
* * * LOW HITPOINT WARNING * * *
You take 1 damage, and have 6/19 hp.
Unknown command.
You hit the dart slug. The dart slug closely misses you.
The hobgoblin closely misses you.
You hit the dart slug. The hobgoblin misses you.
The dart slug launches a dart at you. The slug dart misses you.
The slug dart hits the hobgoblin.
Aim: a dart slug (severely wounded, clinging)
The magic dart hits the dart slug.
The hobgoblin closely misses you.
You now have 3/6 mp.
Aim: a dart slug (severely wounded, clinging)
Okay, then.
Okay, then.
You blink.
The dart slug launches a dart at you. The slug dart misses you.
You now have 1/6 mp.
The dart slug launches a dart at you. The slug dart hits you!
* * * LOW HITPOINT WARNING * * *
You take 5 damage, and have 2/19 hp.
MASSIVE DAMAGE!!
The dart slug launches a dart at you. The slug dart misses you.
Okay, then.
A beastly little devil appears in a puff of flame.
You now have 0/6 mp.
Your crimson imp blinks!
You swap places.
You start resting.
What are your orders? t - Shout!
Orders for allies: a - Attack new target. p - Attack previous target. r - Retreat! s - Stop attacking. g - Guard the area. f - Follow me.
Anything else - Cancel.
Gang up on whom?
Aim: a dart slug (severely wounded, clinging) Attack!
Unknown command.
The dart slug bites your crimson imp.
Your crimson imp blinks!
Aim: a dart slug (severely wounded, clinging)
The magic dart hits the dart slug.
The dart slug launches a dart at you. The slug dart hits you!
You die...

########################
.......................#
######################.#
########### #.#
.......@..# #.#
########.## #.# #.# #.#
#.####.# #.#....# ##
######## #w#.#### .#
#.....)# #.#.#
.#.##......######.#÷#
.#........l...#.....#


You could see a dart slug.

Vanquished Creatures
  A dart slug (D:1)
  A bat (D:1)
  2 giant cockroaches (D:1)
  A goblin (D:1)
  A hobgoblin (D:1)
  A kobold (D:1)
  A rat (D:1)
8 creatures vanquished.

Notes
Turn   | Place    | Note
-------+----------+-------------------------------------------
     0 | D:1      | Fartwhistle the Mummy Wizard began the quest for the Orb.
     0 | D:1      | Reached XP level 1. HP: 13/13 MP: 4/4
   223 | D:1      | Reached skill level 1 in Conjurations
   415 | D:1      | Reached XP level 2. HP: 19/19 MP: 3/6
   419 | D:1      | Learned a level 2 spell: Blink
   422 | D:1      | Learned a level 2 spell: Call Imp
   519 | D:1      | HP: 2/19 [dart slug/slug dart (5)]
   555 | D:1      | Killed from afar by a dart slug

Skill      XL: |  1 |
---------------+----+-----
Conjurations   | 1 |  1.3
Dodging        | |  1.6
Stealth        | |  1.5
Spellcasting   | |  3.2
Summonings     | |  0.7
Translocations | |  0.7

Action                   || total
-------------------------++-------
Melee: Dagger            ||    23
 Cast: Magic Dart        ||    20
       Blink             ||     1
       Call Imp          ||     1
 Stab: Sleeping          ||     1
Armor: Robe              ||     5
Dodge: Dodged            ||    18

Vault maps used:
D:1:      enne_arrival_octagon_isle

Table legend:
 A = Turns spent in this place as a percentage of turns spent in the entire game.
 B = Non-inter-level travel turns spent in this place as a percentage of non-inter-level travel turns spent in the entire game.
 C = Inter-level travel turns spent in this place as a percentage of turns spent in this place.
 D = Turns resting spent in this place as a percentage of non-inter-level travel turns spent in this place.
 E = Turns spent auto-exploring this place as a percentage of non-inter-level travel turns spent in this place.
 F = Non-inter-level travel turns spent in this place divided by the number of levels of this place that you've seen.
                   A       B       C       D       E      F
               +-------+-------+-------+-------+-------+----------------------
         Total | 100.0 | 100.0 |   0.0 |   4.3 |   3.7 | 188.0
       Dungeon | 100.0 | 100.0 |   0.0 |   4.3 |   3.7 | 188.0
               +-------+-------+-------+-------+-------+----------------------

Table legend:
 A = Kills in this place as a percentage of kills in entire the game.
 B = Kills by you in this place as a percentage of kills by you in the entire game.
 C = Kills by friends in this place as a percentage of kills by friends in the entire game.
 D = Other kills in this place as a percentage of other kills in the entire game.
 E = Experience gained in this place as a percentage of experience gained in the entire game.
 F = Experience gained in this place divided by the number of levels of this place that you have seen.
                   A       B       C       D       E      F
               +-------+-------+-------+-------+-------+----------------------
         Total | 100.0 | 100.0 |  -nan |  -nan | 100.0 |  16.0
       Dungeon | 100.0 | 100.0 |  -nan |  -nan | 100.0 |  16.0
               +-------+-------+-------+-------+-------+----------------------
